 Dungeon Crawl Stone Soup version 0.22.0-49-gab54619674 (webtiles) character file.

277 IceCat the Chopper (level 6, 0/53 HPs)
             Began as a Hill Orc Fighter on Sept 4, 2018.
             Slain by an ogre
             ... wielding a +0 giant club
              (26 damage)
             ... on level 4 of the Dungeon.
             The game lasted 00:06:32 (2788 turns).

IceCat the Chopper (Hill Orc Fighter)               Turns: 2788, Time: 00:06:33

Health: 0/53       AC:  7    Str: 18 (19) XL:     6   Next: 26%
Magic:  6/6        EV:  8    Int:  8      God:
Gold:   89         SH:  9    Dex: 12      Spells: 5/5 levels left

rFire    x . .     SeeInvis .   a - +0 war axe
rCold    + . .     Gourm    .   c - +0 shield
rNeg     . . .     Faith    .   b - +0 scale mail
rPois    .         Spirit   .   (helmet restricted)
rElec    .         Reflect  .   (no cloak)
rCorr    .         Harm     .   (no gloves)
MR       .....     Rnd*Rage +   (no boots)
Stlth    ..........             (no amulet)
HPRegen  0.17/turn              o - ring of ice
MPRegen  0.10/turn              (no ring)

@: lethally poisoned (0 -> -2)
A: beak, talons 1, berserk 1
a: no special abilities


You were on level 4 of the Dungeon.
You were not hungry.

You visited 1 branch of the dungeon, and saw 4 of its levels.

You collected 89 gold pieces.

Inventory:

Hand Weapons
 a - a +0 war axe (weapon)
Armour
 b - a +0 scale mail (worn)
 c - a +0 shield (worn)
 m - a +0 large shield
Jewellery
 o - a ring of ice (left hand)
Scrolls
 e - 4 scrolls of identify
 h - 4 scrolls of remove curse
 i - 3 scrolls of teleportation {unknown}
 j - a scroll of fog {unknown}
 k - a scroll of amnesia {unknown}
 p - a scroll of fear {unknown}
Potions
 d - 2 potions of might
 g - a potion of ambrosia {unknown}
Comestibles
 f - 5 rations


   Skills:
 + Level 4.5 Fighting
 + Level 5.8 Axes
 + Level 4.3 Armour
 + Level 1.2 Dodging
 + Level 4.1 Shields


You had 5 spell levels left.
You didn't know any spells.
Your spell library contained the following spells:

 Spells                   Type           Power        Failure   Level  Hunger
 Confusing Touch          Hex            #.....       99%         1    ##.....
 Confuse                  Hex            #.......     100%        3    ####...
 Gell's Gravitas          Tloc           #.........   100%        3    ####...
 Petrify                  Tmut/Erth      #.......     100%        4    #####..
 Metabolic Englaciation   Hex/Ice        #.........   100%        5    ######.
 Yara's Violent Unravell  Hex/Tmut       #.........   100%        5    ######.


Dungeon Overview and Level Annotations

Branches:
Dungeon (4/15)
 Temple: D:4-7

Altars:
Ashenzari
Cheibriados
Dithmenos
Fedhas
Trog


Innate Abilities, Weirdness & Mutations

You have a beak for a mouth.
You have sharp toenails.
You tend to lose your temper in combat.


Message History

The ogre is lightly wounded.
You block the ogre's attack.
You slash the ogre! You claw the ogre. You peck the ogre.
The ogre is severely wounded.
You feel sick. The ogre hits you with a giant club!
The phantom barely misses you.
You are too injured to fight recklessly!
You are too injured to fight recklessly!
You are too injured to fight recklessly!
You are too injured to fight recklessly!
You are too injured to fight recklessly!
You are too injured to fight recklessly!
You are too injured to fight recklessly!
Unknown command.
You are too injured to fight recklessly!
You are too injured to fight recklessly!
You hit the ogre.
The ogre is severely wounded.
You miss the phantom.
The phantom blinks!
The ogre hits you with a giant club!!
You die...

.# .## ## ..## ##+## ..
... # ##...##.# ..# #
##.....#.# ..# # #
##........# ###..##.#
###.........###W@O....#
..'.........+....ยง..###
###..>......###....## #
##>..............# #
##.....#####.#### #
##...## #.# # ##'## #.#
#.# #.# #.# #.#


You could see a phantom and an ogre.

Vanquished Creatures
  2 scorpions (D:4)
  An orc priest (D:3)
  2 orc wizards (D:3)
  4 adders
  3 leopard geckos
  2 orcs (D:3)
  2 ball pythons (D:2)
  A giant cockroach (D:2)
  4 goblins
  8 hobgoblins
  9 jackals
  A quokka (D:2)
  10 bats
  4 frilled lizards
  5 kobolds
  5 rats
63 creatures vanquished.

Vanquished Creatures (others)
  A wizard (D:3)
1 creature vanquished.

Grand Total: 64 creatures vanquished

Notes
Turn   | Place    | Note
-------+----------+-------------------------------------------
     0 | D:1      | IceCat the Hill Orc Fighter began the quest for the Orb.
     0 | D:1      | Reached XP level 1. HP: 19/19 MP: 1/1
     6 | D:1      | Found a shattered altar of Ashenzari.
    31 | D:1      | Reached XP level 2. HP: 15/27 MP: 2/2
    41 | D:1      | Reached skill level 3 in Axes
   512 | D:1      | Reached XP level 3. HP: 33/33 MP: 3/3
   762 | D:2      | Reached skill level 4 in Axes
   852 | D:2      | Found a blossoming altar of Fedhas.
   969 | D:2      | Reached XP level 4. HP: 38/40 MP: 4/4
  1035 | D:2      | Found a shadowy altar of Dithmenos.
  1276 | D:3      | Found a bloodstained altar of Trog.
  1277 | D:3      | Noticed a wizard
  1283 | D:3      | Killed a wizard
  1537 | D:3      | Gained mutation: You tend to lose your temper in combat.
                  | [potion of mutation]
  1537 | D:3      | Gained mutation: You have a beak for a mouth. [potion of
                  | mutation]
  1537 | D:3      | Gained mutation: You have sharp toenails. [potion of
                  | mutation]
  1572 | D:2      | Found a snail-covered altar of Cheibriados.
  1805 | D:3      | Reached skill level 5 in Axes
  1805 | D:3      | Reached XP level 5. HP: 37/46 MP: 5/5
  2021 | D:3      | Reached skill level 1 in Dodging
  2500 | D:4      | Reached XP level 6. HP: 33/53 MP: 6/6
  2734 | D:4      | Noticed a phantom
  2788 | D:4      | Slain by an ogre

Skill      XL: |  1  2  3  4  5 |
---------------+----------------+-----
Axes           | 3 4 5 |  5.8
Fighting       | 4 |  4.5
Armour         | 4 |  4.3
Dodging        | 1 |  1.2
Shields        | 4 |  4.1

Action                   |  1- 3 |  4- 6 || total
-------------------------+-------+-------++-------
Melee: War axe           |   147 |    86 ||   233
       Kick              |       |    13 ||    13
       Peck              |       |     8 ||     8
  Use: Potion            |       |     4 ||     4
       Scroll            |       |     2 ||     2
  Eat: Chunk             |     1 |     2 ||     3
       Ration            |       |     1 ||     1
Armor: Scale mail        |   109 |    20 ||   129
       Skin              |       |     8 ||     8
Dodge: Dodged            |    76 |    13 ||    89
Block: Shield            |    95 |    33 ||   128
